Map: Oxide LE

Players

uwuThermal (uThermal)

  • Race: Terran Terran
  • League: Master

DnS - Winner!

  • Race: Protoss Protoss
  • League: Master

Event: DreamHack SC2 Masters 2021 Summer

VOD

Have the link to the VOD?

Description

Time

  • Played on: May 26, 2021, 11:46 a.m.
  • Length: 12:14

All games in this series

Show
View Real Time Build Order
Export as new Build Order

uwuThermal Terran 

Build Orders:  

Get SALT Encoding   

  12  0:00  SCV  
  13  0:12  SCV  
  14  0:17  Supply Depot  
  14  0:24  SCV  
  15  0:39  SCV  
  15  0:40  Barracks  
  16  0:43  Refinery  
  16  0:51  SCV  
  17  1:03  SCV  
  18  1:15  SCV  
  19  1:27  Orbital Command, Marine  
  20  1:45  Barracks Reactor  
  20  1:46  Command Center  
  20  1:53  SCV  
  21  1:57  Supply Depot  
  21  2:05  SCV  
  22  2:10  Factory  
  22  2:17  SCV  
  22  2:19  Refinery  
  22  2:21  Marine  
  22  2:22  Marine  
  24  2:29  SCV  
  26  2:39  Marine  
  26  2:40  Marine  
  26  2:41  SCV  
  29  2:55  Starport  
  29  2:56  Widow Mine  
  29  2:57  Marine  
  29  2:58  SCV, Marine  
  32  3:05  Orbital Command  
  33  3:10  SCV  
  34  3:14  Marine  
  34  3:16  Marine  
  34  3:19  Factory Tech Lab  
  36  3:22  SCV  
  37  3:31  SCV  
  38  3:34  SCV, Marine x2  
  38  3:36  Supply Depot  
  38  3:38  Siege Tank  
  44  3:43  Medivac  
  46  3:56  Engineering Bay  
  46  3:57  SCV x2, Marine x2  
  49  4:09  SCV  
  49  4:13  Cyclone  
  49  4:14  SCV  
  49  4:15  Marine x2  
  53  4:18  Viking  
  53  4:23  Supply Depot  
  54  4:37  Supply Depot  
  54  4:41  SCV, Marine  
  54  4:44  SCV  
  54  4:45  Siege Tank  
  57  4:57  Viking  
  57  4:58  Marine  
  53  5:00  SCV  
  53  5:03  SCV  
  53  5:05  Marine  
  56  5:12  SCV  
  55  5:15  Marine  
  55  5:17  Bunker  
  55  5:21  Siege Tank  
  58  5:23  Marine  
  59  5:33  Marine  
  52  5:36  Viking  
  52  5:37  SCV  
  52  5:41  Marine  
  54  5:50  SCV  
  54  5:51  Marine  
  54  5:53  Siege Tank  
  54  5:56  SCV  
  52  5:59  Marine  
  52  6:02  SCV  
  54  6:08  SCV  
  54  6:10  Command Center  
  53  6:15  Marine  
  52  6:18  SCV  
  52  6:21  SCV  
  52  6:23  Marine  
  52  6:25  Viking, Siege Tank  
  54  6:30  SCV  
  57  6:33  SCV, Marine  
  59  6:40  Barracks  
  59  6:41  Marine  
  59  6:42  SCV  
  59  6:45  SCV  
  62  6:53  Refinery  
  62  6:54  Marine, Terran Infantry Weapons Level 1  
  60  6:55  Refinery, SCV, Barracks  
  60  6:57  SCV  
  60  6:58  Viking  
  64  7:02  Missile Turret  
  64  7:05  Marine  
  64  7:06  Missile Turret  
  64  7:07  SCV  
  66  7:10  SCV  
  66  7:11  Marine  
  68  7:19  SCV, Factory Tech Lab  
  68  7:22  SCV, Supply Depot  
  70  7:23  Orbital Command  
  70  7:24  Marine  
  71  7:31  SCV  
  71  7:33  Marine  
  71  7:34  SCV  
  68  7:37  Marine  
  68  7:38  Stimpack  
  68  7:42  Starport Reactor  
  68  7:43  SCV  
  70  7:45  Marine  
  70  7:46  SCV  
  70  7:48  Factory Reactor  
  70  7:50  Orbital Command, Barracks  
  70  7:51  Barracks, Marauder, Combat Shield  
  74  7:55  SCV  
  74  7:58  Marauder, Marine  
  78  8:03  Marine  
  78  8:04  Supply Depot  
  79  8:10  SCV  
  79  8:12  Marauder  
  82  8:15  Missile Turret  
  82  8:16  Marine  
  82  8:18  SCV  
  82  8:19  SCV  
  87  8:20  Marauder, Medivac, Supply Depot  
  87  8:21  Marine  
  87  8:23  Medivac  
  92  8:27  Widow Mine  
  92  8:29  Widow Mine  
  92  8:32  SCV  
  92  8:33  Marine  
  98  8:34  SCV  
  98  8:38  SCV  
  98  8:39  Missile Turret  
  100  8:42  Barracks Reactor, Barracks Tech Lab  
  100  8:44  Marine  
  100  8:45  Marine  
  102  8:48  Widow Mine  
  102  8:50  Widow Mine  
  102  8:52  Marine  
  102  8:54  SCV  
  108  8:58  Missile Turret  
  108  8:59  SCV  
  109  9:03  Marauder, Marine x2  
  109  9:04  SCV  
  109  9:08  Supply Depot  
  109  9:09  Supply Depot  
  114  9:11  Medivac  
  114  9:14  Concussive Shells  
  116  9:17  Supply Depot  
  116  9:20  Terran Infantry Armor Level 1, Marine  
  116  9:21  Medivac  
  115  9:26  Widow Mine  
  115  9:29  Marine x2  
  115  9:30  Widow Mine, Marauder  
  123  9:32  Ghost Academy  
  123  9:36  Marine  
  123  9:37  Marauder, Marine, Supply Depot  
  127  9:41  SCV  
  127  9:42  Refinery  
  127  9:44  Medivac  
  130  9:47  Widow Mine  
  130  9:51  Widow Mine  
  132  9:57  Marine x4, Supply Depot  
  136  10:02  Ghost x3  
  142  10:08  Missile Turret  
  142  10:09  Widow Mine  
  142  10:13  Widow Mine  
  146  10:14  Marine  
  146  10:15  Medivac, Supply Depot  
  149  10:24  Marine x3  
  152  10:31  Marauder x2, Marine  
  152  10:34  Refinery, Armory, Engineering Bay  
  157  10:36  Marine  
  157  10:37  Widow Mine x2  
  157  10:42  Marine  
  163  10:45  Supply Depot  
  163  10:46  Supply Depot  
  163  10:47  Marine, Supply Depot  
  164  10:55  Marine  
  164  10:58  Viking  
  164  10:59  Marauder  
  164  11:04  Marine  
  164  11:07  Marauder  
  150  11:17  Medivac  
  150  11:18  Marauder, Marine x2  
  120  11:19  Widow Mine x2  
  120  11:21  Marine  
  120  11:22  Marauder  
  120  11:24  Marine  
  114  11:28  Medivac  
  114  11:29  Marauder  
  114  11:42  Marine x2, Engineering Bay  
  114  11:43  Widow Mine, Marauder x2, Marine  
  119  11:50  Marauder  
Show
View Real Time Build Order
Export as new Build Order

DnS Protoss - Winner!

Build Orders: 1 Gate Expand, Oracle Opening, Phoenix Opening, Mass Phoenix 

Get SALT Encoding   

  12  0:00  Probe  
  13  0:12  Probe  
  14  0:17  Pylon  
  14  0:24  Probe (Chrono Boost)  
  15  0:36  Probe (Chrono Boost), Gateway  
  16  0:44  Probe (Chrono Boost)  
  16  0:46  Assimilator  
  17  0:51  Probe  
  18  1:03  Probe  
  19  1:15  Probe  
  20  1:23  Cybernetics Core  
  20  1:34  Nexus  
  20  1:36  Probe  
  21  1:44  Pylon  
  21  1:49  Probe  
  21  1:54  Assimilator  
  22  1:59  Adept (Chrono Boost)  
  22  2:04  Probe  
  24  2:16  Probe, Stargate  
  25  2:22  Adept (Chrono Boost)  
  25  2:29  Probe  
  28  2:32  Warp Gate  
  29  2:45  Probe (Chrono Boost), Adept  
  29  2:46  Probe (Chrono Boost)  
  32  2:55  Probe (Chrono Boost)  
  32  2:57  Probe (Chrono Boost)  
  34  3:00  Probe (Chrono Boost)  
  34  3:03  Oracle (Chrono Boost)  
  38  3:05  Probe  
  38  3:12  Probe  
  40  3:18  Probe  
  41  3:24  Probe  
  41  3:26  Gateway  
  42  3:30  Probe, Pylon  
  42  3:33  Phoenix (Chrono Boost)  
  43  3:36  Probe  
  46  3:48  Probe x2  
  46  3:49  Pylon  
  46  3:54  Phoenix (Chrono Boost)  
  50  4:01  Probe x2  
  52  4:10  Nexus  
  52  4:13  Probe  
  52  4:14  Pylon  
  53  4:18  Phoenix (Chrono Boost)  
  53  4:21  Adept  
  53  4:22  Probe  
  58  4:25  Probe  
  58  4:28  Adept  
  61  4:34  Probe, Pylon  
  61  4:38  Phoenix (Chrono Boost)  
  61  4:43  Adept  
  61  4:53  Probe  
  61  4:59  Adept  
  56  5:01  Phoenix (Chrono Boost)  
  56  5:03  Probe  
  56  5:05  Probe  
  60  5:07  Gateway  
  60  5:11  Gateway  
  57  5:15  Probe  
  57  5:17  Shield Battery  
  57  5:19  Phoenix (Chrono Boost)  
  60  5:22  Probe  
  60  5:31  Probe  
  46  5:37  Adept  
  46  5:39  Phoenix (Chrono Boost)  
  46  5:40  Probe x2  
  49  5:43  Probe  
  46  5:52  Probe  
  46  5:56  Probe (Chrono Boost), Phoenix  
  49  5:57  Probe (Chrono Boost)  
  49  6:02  Adept  
  52  6:05  Adept  
  52  6:09  Probe (Chrono Boost)  
  53  6:17  Probe x2 (Chrono Boost)  
  53  6:21  Probe (Chrono Boost)  
  53  6:23  Probe (Chrono Boost)  
  56  6:25  Probe (Chrono Boost)  
  56  6:28  Assimilator  
  56  6:29  Phoenix  
  56  6:30  Assimilator  
  59  6:33  Probe (Chrono Boost)  
  59  6:35  Probe (Chrono Boost), Pylon  
  59  6:37  Probe (Chrono Boost)  
  61  6:41  Probe (Chrono Boost)  
  61  6:42  Probe x2 (Chrono Boost)  
  64  6:51  Probe x2  
  67  6:54  Probe, Phoenix  
  67  6:57  Adept  
  67  6:58  Adept x2  
  75  7:02  Pylon  
  75  7:03  Probe x2  
  75  7:08  Probe  
  78  7:15  Probe  
  78  7:16  Probe, Twilight Council  
  78  7:18  Forge  
  78  7:20  Probe  
  81  7:23  Phoenix  
  77  7:38  Probe x2, Charge (Chrono Boost)  
  79  7:46  Gateway  
  79  7:47  Gateway, Protoss Ground Armor Level 1 (Chrono Boost)  
  79  7:48  Gateway, Phoenix  
  81  7:51  Probe x2  
  81  7:57  Zealot, Sentry  
  81  7:58  Gateway x2, Zealot  
  87  8:00  Probe  
  87  8:05  Shield Battery  
  90  8:07  Photon Cannon  
  90  8:08  Shield Battery  
  90  8:15  Phoenix, Assimilator  
  92  8:20  Zealot  
  92  8:21  Zealot x2  
  98  8:30  Templar Archives  
  98  8:33  Pylon  
  98  8:40  Phoenix  
  100  8:47  Pylon x2  
  100  8:54  Probe x2  
  102  8:56  Assimilator  
  102  8:57  Robotics Facility  
  102  9:08  High Templar x2, Zealot  
  102  9:09  Zealot x5  
  118  9:11  Pylon  
  118  9:16  Pylon x2  
  118  9:17  Pylon  
  116  9:30  High Templar  
  116  9:31  High Templar, Archon  
  120  9:32  Zealot x4  
  120  9:35  Archon  
  120  9:36  Protoss Ground Armor Level 2 (Chrono Boost)  
  120  9:38  Phoenix  
  130  9:40  Nexus  
  130  9:42  Pylon  
  130  9:46  Blink  
  130  9:50  Immortal (Chrono Boost)  
  130  9:51  Zealot x2  
  134  9:58  Probe x3  
  141  10:06  Zealot x3  
  147  10:10  Robotics Bay  
  147  10:21  Zealot x3  
  147  10:22  Zealot  
  147  10:25  Pylon  
  155  10:28  Pylon  
  155  10:29  Observer  
  156  10:37  Zealot x4  
  156  10:40  Pylon  
  162  10:51  High Templar  
  162  10:52  High Templar x3  
  162  10:56  Archon x2, Disruptor (Chrono Boost)  
  170  11:03  Zealot  
  170  11:04  Zealot x3  
  158  11:14  Phoenix  
  134  11:23  Zealot  
  134  11:24  Zealot x6  
  146  11:27  Colossus (Chrono Boost), Zealot  
  154  11:39  Phoenix  
  144  11:51  Zealot x6  
  144  11:52  Zealot x2  
Tags
 
Add a new tag
Caveats
  • Supply blocks, unpowered buildings, or Contaminate may cause inaccurate times.
  • Supply counts are checked every 10 seconds.